 Dungeon Crawl Stone Soup version 0.25-a0-302-g9f758675c1 (webtiles) character file.

Game seed: 5253852057503432535, levelgen mode: deterministic

111 Lanoc the Slasher (level 4, -1/40 HPs)
             Began as a Draconian Monk on Dec 20, 2019.
             Slain by Crazy Yiuf
             ... wielding a +4 quarterstaff of chaos
              (5 damage)
             ... while paralysed by Crazy Yiuf
             ... on level 2 of the Dungeon.
             The game lasted 00:03:19 (1671 turns).

Lanoc the Slasher (Draconian Monk)                  Turns: 1671, Time: 00:03:20

Health: -1/40      AC:  5    Str: 13    XL:     4   Next: 62%
Magic:  4/4        EV:  2    Int: 16    God:
Gold:   80         SH:  0    Dex: 14    Spells: 3/3 levels left

rFire    . . .     SeeInvis .   a - +0 falchion
rCold    . . .     Gourm    .   (no shield)
rNeg     . . .     Faith    .   (armour unavailable)
rPois    .         Spirit   .   (helmet restricted)
rElec    .         Reflect  .   (no cloak)
rCorr    .         Harm     .   (no gloves)
MR       .....                  (no boots)
Stlth    ++........             (no amulet)
HPRegen  0.13/turn              (no ring)
MPRegen  0.09/turn              (no ring)

@: paralysed, brilliant, lethally poisoned (-1 -> -6)
A: unfitting armour, cold-blooded, AC +5
a: no special abilities


You were on level 2 of the Dungeon.
You were near starving.

You visited 1 branch of the dungeon, and saw 2 of its levels.

You collected 80 gold pieces.

Inventory:

Hand Weapons
 a - a +0 falchion (weapon)
 b - a +0 hunting sling
Missiles
 i - 56 stones (quivered)
 m - 17 sling bullets
Scrolls
 g - 4 scrolls of identify {unknown}
 h - 3 scrolls of teleportation {unknown}
 n - a scroll of blinking {unknown}
 p - a scroll of fear {unknown}
Potions
 c - a potion of mutation {unknown}
 d - a potion of degeneration {unknown}
 e - a potion of brilliance
 j - a potion of flight {unknown}
 l - a potion of curing {unknown}
 o - a potion of berserk rage {unknown}
Comestibles
 f - 6 rations


   Skills:
 + Level 4.1 Fighting
 * Level 4.4 Long Blades
 + Level 3.3 Dodging
 - Level 1.7 Stealth


You had 3 spell levels left.
You didn't know any spells.
Your spell library was empty.

Dungeon Overview and Level Annotations

Branches:
Dungeon (2/15)

Altars:

Annotations:
D:2 Crazy Yiuf


Innate Abilities, Weirdness & Mutations

Your plain brown scales are hard. (AC +5)
You cannot fit into any form of body armour.
You are cold-blooded and may be slowed by cold attacks.


Message History

You hit Crazy Yiuf.
Crazy Yiuf is almost dead.
Crazy Yiuf hits you with a +4 quarterstaff of chaos!
You are poisoned.
You hit Crazy Yiuf but do no damage.
You tail-slap Crazy Yiuf, but do no damage.
Crazy Yiuf is almost dead.
You feel sick.
Crazy Yiuf hits you with a +4 quarterstaff of chaos.
* * * LOW HITPOINT WARNING * * *
You suddenly lose the ability to move!
You feel sick.
Crazy Yiuf hits you with a +4 quarterstaff of chaos.
* * * LOW HITPOINT WARNING * * *
You shrug off the repeated paralysis!
Crazy Yiuf completely misses you.
* * * LOW HITPOINT WARNING * * *
You feel sick.
Crazy Yiuf hits you with a +4 quarterstaff of chaos.
You die...

).................รท###.#.#.#
###..#######.##.##.# #.....#
#..# #.##.##.# ###.### #..#
##.##.##<# #.# #..#
##...#.##.# #.#####
#..#####......#..# #.....#
#......<..>...#.## #.###.#
#.######.....##.######.# #.#
#.# ##.....@g.....((###.####
#.# ##.####.#####..(.......
##.# ### #.# #.####.#### #..#
#.# #.# #.# #.## #.# #.# #.#
#.# #.# #.# #(# ##.# #.# #.#
#(# ...# #.# #.# #(# #..#
##.# #^# #(###


You could see Crazy Yiuf.

Vanquished Creatures
  Robin (D:2)
  3 adders (D:2)
  2 oozes (D:1)
  2 dart slugs (D:1)
  A leopard gecko (D:1)
  A ball python (D:2)
  2 giant cockroaches
  19 goblins
  5 hobgoblins
  3 jackals (D:1)
  6 bats
  3 frilled lizards (D:1)
  7 kobolds
  4 rats
59 creatures vanquished.

Notes
Turn   | Place    | Note
-------+----------+-------------------------------------------
     0 | D:1      | Lanoc the Draconian Monk began the quest for the Orb.
     0 | D:1      | Reached XP level 1. HP: 19/19 MP: 1/1
   109 | D:1      | Reached XP level 2. HP: 24/26 MP: 2/2
   459 | D:1      | Reached XP level 3. HP: 31/31 MP: 3/3
   934 | D:2      | Noticed Robin
   937 | D:2      | Reached XP level 4. HP: 39/40 MP: 4/4
   966 | D:2      | Killed Robin
  1462 | D:2      | Found a runed translucent door.
  1463 | D:2      | Noticed Crazy Yiuf
  1667 | D:2      | Paralysed by Crazy Yiuf for 7 turns
  1671 | D:2      | Slain by Crazy Yiuf

Levels and vault maps discovered:
D:1:      dpeg_arrival_long_road, layout_basic
D:2:      layout_loops_ring, first_ration, nrook_loot_triangle, uniq_robin,
          uniq_crazy_yiuf_cottage

Skill      XL: |  1  2  3  4 |
---------------+-------------+-----
Dodging        | 3 |  3.3
Long Blades    | 4 |  4.4
Fighting       | 4 |  4.1
Stealth        | |  1.7

Action                   |  1- 3 |  4- 6 || total
-------------------------+-------+-------++-------
Melee: Falchion          |   106 |    51 ||   157
       Tailslap          |    19 |    12 ||    31
 Fire: Hunting sling     |       |    11 ||    11
  Use: Potion            |       |     1 ||     1
 Stab: Sleeping          |     1 |     4 ||     5
  Eat: Chunk             |       |     1 ||     1
Armor: Skin              |    37 |    10 ||    47
Dodge: Dodged            |    87 |    35 ||   122
       Rpst.: Falchion   |    35 |    16 ||    51

Table legend:
 A = Non-vault XP
 B = Vault XP
 C = Vault XP percentage of total XP
 D = Non-vault monster count
 E = Vault monster count
 F = Vault count percentage of total count
                 A         B        C        D         E       F
            +---------+---------+-------+---------+---------+-------
      Total |     123 |      36 |  22.6 |      46 |      13 |  22.0
            +---------+---------+-------+---------+---------+-------
        D:1 |      54 |       0 |   0.0 |      25 |       0 |   0.0
        D:2 |      69 |      36 |  34.3 |      21 |      13 |  38.2
            +---------+---------+-------+---------+---------+-------
